 Dungeon Crawl Stone Soup version 0.28-a0-773-g130ae17fe5 (webtiles) character file.

Game seed: 6020124858319763498

0 meatgazer the Skirmisher (level 1, -1/18 HPs)
             Began as a Demonspawn Abyssal Knight on Nov 1, 2021.
             Was a Follower of Lugonu.
             Slain by a will-o-the-wisp (14 damage)
             ... on level 1 of the Abyss.
             The game lasted 00:00:27 (120 turns).

meatgazer the Skirmisher (Demonspawn Abyssal Knight) Turns: 120, Time: 00:00:28

Health: -1/18      AC:  3    Str: 13    XL:     1   Next: 0%
Magic:  2/2        EV: 11    Int: 11    God:    Lugonu [*.....]
Gold:   13         SH:  0    Dex: 13    Spells: 0/0 levels left

rFire   . . .      SeeInvis .   a - +1 falchion
rCold   . . .      Faith    .   (no shield)
rNeg    . . .      Spirit   .   b - +0 leather armour
rPois   .          Reflect  .   (no helmet)
rElec   .          Harm     .   (no cloak)
rCorr   .          Rampage  .   (no gloves)
Will    .....                   (no boots)
Stlth   +.........              (no amulet)
HPRegen 0.06/turn               (no ring)
MPRegen 0.08/turn               (no ring)

@: no status effects
A: no striking features
a: Renounce Religion, Depart the Abyss


You were on level 1 of the Abyss.
You worshipped Lugonu.
Lugonu was aware of your devotion.
You visited 0 branches of the dungeon, and saw 0 of its levels.
You visited the Abyss 1 time.

You collected 13 gold pieces.

Inventory:

Hand Weapons
 a - a +1 falchion (weapon)
Armour
 b - a +0 leather armour (worn)


   Skills:
 + Level 3.0 Fighting
 + Level 1.7 Long Blades
 + Level 1.7 Armour
 + Level 0.8 Dodging
 + Level 2.4 Invocations


You couldn't memorise any spells.
You didn't know any spells.
Your spell library was empty.

Dungeon Overview and Level Annotations

Branches:
Dungeon (0/15)

Altars:


Message History

Welcome, meatgazer the Demonspawn Abyssal Knight.
You feel drawn to the Orb of Zot, downwards into the unfathomable depths...
Lugonu says: Depart the Abyss and spread corruption, my servant! (use the ability menu to exit the Abyss) Press ? for a list of commands and other information.
Found a corrupted altar of Lugonu.
Found a gateway leading out of the Abyss.
There is a gateway leading out of the Abyss here.
A large abomination materialises.
A starcursed mass comes into view.
A starcursed mass splits.
A starcursed mass splits.
An orange demon comes into view.
Found 13 gold pieces.
The orange demon screeches!
The orange demon misses you. The orange demon barely misses you.
You see here 13 gold pieces.
You now have 13 gold pieces.
A lurking horror comes into view.
Your body is wracked with pain!
Found 10 gold pieces.
You see here 10 gold pieces.
A large abomination comes into view.
The orange demon barely misses you.
A will-o-the-wisp comes into view.
The thrashing horror roars!
The will-o-the-wisp gives a chilling moan.
The will-o-the-wisp blinks!
The will-o-the-wisp engulfs you!
Ouch! That really hurt!
You die...

..##.§##..##..#
.. #..##..##..#
♣
♣♣..X......####
♣♣♣..........#
#♣X.##...#.#
♣..##....#..
♣..4.....§..
♣.....v#.##
♣..##@..#
♣..##..#..#
♣.♣♣........#
♣♣ ♣...#####
♣♣... ♣♣.#. .#.
## #


You could see an orange demon, a thrashing horror, a large abomination and a
will-o-the-wisp.

Vanquished Creatures (others)
  A lurking horror (Abyss:1)
1 creature vanquished.

Notes
Turn   | Place    | Note
-------+----------+-------------------------------------------
     0 | Abyss:1  | meatgazer the Demonspawn Abyssal Knight began the quest for
                  | the Orb.
     0 | Abyss:1  | Reached XP level 1. HP: 18/18 MP: 2/2
    45 | Abyss:1  | Noticed a large abomination
    46 | Abyss:1  | Noticed a starcursed mass
    53 | Abyss:1  | Noticed an orange demon
    91 | Abyss:1  | Noticed a large abomination
   117 | Abyss:1  | Noticed a will-o-the-wisp
   118 | Abyss:1  | Noticed a thrashing horror
   120 | Abyss:1  | Slain by a will-o-the-wisp

Illustrated notes

Levels and vault maps discovered:
Abyss:1:  base: Temple, base: Temple, evilmike_abyss_exit_12,
          gammafunk_corrupted_shrine

Action                   || total
-------------------------++-------
Dodge: Dodged            ||     3

Table legend: (Time is in decaauts)
 A = Elapsed time spent in this place.
 B = Non-inter-level travel time spent in this place.
 C = Inter-level travel time spent in this place.
 D = Time resting spent in this place.
 E = Time spent auto-exploring this place.
 F = Levels seen in this place.
 G = Mean time per level.
                   A        B        C        D        E       F      G
               +--------+--------+--------+--------+--------+-----+--------+
         Total |    120 |    120 |      0 |      0 |     44 |   1 |  120.0 |
         Abyss |    120 |    120 |      0 |      0 |     44 |   1 |  120.0 |
               +--------+--------+--------+--------+--------+-----+--------+

Top non-repeatable levels by time:
 Abyss:1: 120 daAuts
